 Dungeon Crawl Stone Soup version 0.31-a0-1074-g0b22e4e0f1 (webtiles) character file.

Game seed: 3910950545225142437

2729 Smoke131 the Fighter (level 9, -1/93 (97) HPs)
             Began as an Ogre Gladiator on Dec 4, 2023.
             Was a Priest of Okawaru.
             Killed from afar by an electric eel (10 damage)
             ... with a bolt of electricity
             ... on level 7 of the Dungeon.
             The game lasted 00:21:29 (8228 turns).

Smoke131 the Fighter (Ogre Gladiator)               Turns: 8228, Time: 00:21:30

HP:   -1/93 (97)    AC:  6    Str: 30    XL:     9   Next: 67%
MP:   13/13         EV: 10    Int:  9    God:    Okawaru [***...]
Gold: 454           SH:  5    Dex: 10    Spells: 8/8 levels left

rFire   . . .        A - +2 trident (drain)
rCold   + . .        (no shield)
rNeg    . . .        C - +0 steam dragon scales
rPois   .            c - +0 hat
rElec   .            (no cloak)
rCorr   .            (gloves unavailable)
SInv    .            (boots unavailable)
Will    .....        t - amulet of reflection
Stlth   +            u - +6 ring of strength
HPRegen 0.35/turn    h - ring of protection from cold
MPRegen 0.13/turn

%: reflection
@: hasted, lightly drained, very quick
A: large, unfitting armour, tough skin 1
a: Renounce Religion, Heroism


You were on level 7 of the Dungeon.
You worshipped Okawaru.
Okawaru was most pleased with you.
You visited 1 branch of the dungeon, and saw 7 of its levels.
You also visited: Sewer.

You collected 454 gold pieces.

Inventory:

Hand Weapons
 A - a +2 trident of draining (weapon)
Missiles
 b - a curare-tipped dart
 d - 4 throwing nets
 e - a large rock
 l - 3 boomerangs (quivered)
 r - 3 poisoned darts
Armour
 c - a +0 hat (worn)
 C - +0 steam dragon scales (worn)
Jewellery
 h - a ring of protection from cold (right hand)
 k - an amulet of the acrobat
 t - an amulet of reflection (around neck)
 u - a +6 ring of strength (left hand)
Wands
 s - a wand of digging (1)
 w - a wand of roots (13)
Scrolls
 a - a scroll of identify
 i - 2 scrolls of enchant weapon
 m - a scroll of amnesia
 n - 3 scrolls of teleportation
 v - a scroll of revelation
 y - 2 scrolls of immolation
Potions
 f - 2 potions of cancellation
 g - a potion of ambrosia
 j - a potion of curing
 o - 2 potions of attraction
 p - 2 potions of mutation
 q - a potion of haste
 x - 2 potions of brilliance
 z - a potion of magic {unknown}


   Skills:
 + Level 8.7 Fighting
 + Level 7.4 Polearms
 + Level 7.4 Throwing
 - Level 3.0 Dodging
 + Level 5.7 Invocations


You had 8 spell levels left.
You didn't know any spells.
Your spell library contained the following spells:

 Spells                   Type           Power      Damage    Failure   Level
 Sandblast                Erth           0%         2d4       38%         1
 Passwall                 Tmut/Erth      0%         N/A       52%         2
 Ozocubu's Armour         Ice            0%         N/A       77%         3
 Stone Arrow              Conj/Erth      0%         3d7       77%         3
 Brom's Barrelling Bould  Conj/Erth      0%         2d3       99%         4
 Metabolic Englaciation   Hex/Ice        0%         N/A       100%        5
 Simulacrum               Ice/Necr       Unusable   N/A       N/A         6

Dungeon Overview and Level Annotations

Branches:
Dungeon (7/15)             Temple (0/1) D:4           Sewer (visited)

Altars:
Ashenzari
Gozag
Okawaru
Trog
Uskayaw
Vehumet
Zin
The Shining One


Innate Abilities, Weirdness & Mutations

You are too large for most types of armour.
You have tough skin. (AC +1)


Message History

a +5 scimitar of freezing; a +0 robe You start resting.
HP restored.
Things that are here:
a +5 scimitar of freezing; a +0 robe You enter the shallow water.
An electric eel comes into view.
You enter the shallow water.
The electric eel shoots out a bolt of lightning at you!
The bolt of electricity hits you!
Things that are here:
a +5 scimitar of freezing; a +0 robe The electric eel shoots out a bolt of lightning at you!
The bolt of electricity hits you! x2
Things that are here:
a +5 scimitar of freezing; a +0 robe You hit the electric eel.
The electric eel is lightly wounded.
The electric eel shoots out a bolt of lightning at you!
The bolt of electricity hits you! x2
The bolt of electricity hits the electric eel.
The electric eel completely resists.
You miss the electric eel.
The electric eel is lightly wounded.
The electric eel shoots out a bolt of lightning at you!
The bolt of electricity hits you! x2
The bolt of electricity hits the electric eel.
The electric eel completely resists.
You hit the electric eel.
The electric eel is lightly wounded.
The electric eel shoots out a bolt of lightning at you!
The bolt of electricity hits you!
* * * LOW HITPOINT WARNING * * *
The bolt of electricity hits you!
* * * LOW HITPOINT WARNING * * *
The bolt of electricity misses the electric eel.
You feel yourself speed up.
The electric eel shoots out a bolt of lightning at you!
The bolt of electricity hits you!
You die...

~~~~~P ~~~~~~
≈≈≈~P~ ≈≈≈≈~~♣
≈≈≈≈~PP ##
≈≈≈≈≈~P♣♣# .#
≈≈≈≈~≈~♣P### .#
≈≈≈≈≈~~~S..# .#
≈≈≈≈≈≈♣♣♣#@##.#
≈≈≈≈≈ #..#.#
≈≈≈≈~~ ##...#
≈≈≈≈≈~ #.###
≈≈≈≈≈~P♣♣##.#
≈~≈~~~~♣....#
~~P~ ♣P.####
~~PPP♣♣.#
~♣~~~~♣!########


You could see an electric eel.

Vanquished Creatures
  Maggie (D:6)
  Jeremiah (D:6)
  A steam dragon (D:6)
  4 water moccasins
  A sky beast (D:7)
  2 ogres (D:5)
  A kobold brigand (D:7)
  A bullfrog (D:7)
  4 scorpions
  4 wights
  A killer bee (D:7)
  5 electric eels
  2 howler monkeys (D:6)
  A hound (D:5)
  2 orc priests (D:5)
  4 iguanas
  4 gnolls
  16 adders
  2 river rats (Sewer)
  2 shadow imps
  3 ufetubi (D:6)
  A dart slug (D:2)
  11 orcs
  6 endoplasms
  3 giant cockroaches (D:4)
  8 goblins
  4 hobgoblins
  7 jackals
  4 quokkas
  11 ball pythons
  9 bats
  5 frilled lizards
  8 kobolds
  7 rats
146 creatures vanquished.

Vanquished Creatures (others)
  An ufetubus (D:6)
1 creature vanquished.

Grand Total: 147 creatures vanquished

Notes
Turn   | Place    | Note
-------+----------+-------------------------------------------
     0 | D:1      | Smoke131 the Ogre Gladiator began the quest for the Orb.
     0 | D:1      | Reached XP level 1. HP: 22/22 MP: 1/1
   136 | D:1      | Reached XP level 2. HP: 29/29 MP: 2/2
   138 | D:1      | Reached skill level 3 in Fighting
   692 | D:1      | Reached XP level 3. HP: 36/37 MP: 3/3
  1439 | D:3      | Reached XP level 4. HP: 48/48 MP: 4/4
  1600 | D:3      | Reached skill level 4 in Fighting
  1812 | D:3      | Found a bloodstained altar of Trog.
  2039 | D:3      | Found an iron altar of Okawaru.
  2053 | D:3      | Became a worshipper of Warmaster Okawaru
  2174 | D:3      | Noticed a scorpion
  2180 | D:3      | Killed a scorpion
  2181 | D:3      | Reached XP level 5. HP: 55/55 MP: 5/5
  2558 | D:4      | Found a glowing golden altar of the Shining One.
  2591 | D:4      | Found a glowing drain.
  2633 | Sewer    | Entered a sewer
  2664 | Sewer    | Reached skill level 5 in Fighting
  2862 | Sewer    | Reached XP level 6. HP: 60/66 MP: 6/6
  3504 | D:4      | Noticed a water moccasin
  3512 | D:4      | Killed a water moccasin
  3512 | D:4      | Reached * piety under Okawaru
  3513 | D:4      | Reached skill level 5 in Polearms
  3686 | D:4      | Found a staircase to the Ecumenical Temple.
  3908 | D:5      | Entered Level 5 of the Dungeon
  3916 | D:5      | Found a hide-covered altar of Uskayaw.
  3920 | D:5      | Noticed a +0 dagger
  3920 | D:5      | Noticed a +0 hand axe
  3927 | D:5      | Reached skill level 5 in Throwing
  3927 | D:5      | Reached XP level 7. HP: 72/72 MP: 7/7
  4027 | D:5      | Found a broken altar of Ashenzari.
  4062 | D:5      | Reached skill level 1 in Invocations
  4505 | D:5      | Reached skill level 6 in Fighting
  4505 | D:5      | Reached XP level 8. HP: 14/83 MP: 9/9
  4822 | D:5      | Found an opulent altar of Gozag.
  5017 | D:5      | Found a glowing silver altar of Zin.
  5193 | D:5      | Reached ** piety under Okawaru
  5719 | D:6      | Reached skill level 7 in Fighting
  5750 | D:6      | Noticed Maggie
  5923 | D:6      | Noticed Jeremiah
  5952 | D:6      | Killed Jeremiah
  5953 | D:6      | Reached XP level 9. HP: 83/94 MP: 12/12
  6171 | D:6      | Reached *** piety under Okawaru
  6453 | D:6      | Killed Maggie
  6454 | D:6      | Reached skill level 8 in Fighting
  6454 | D:6      | Reached skill level 5 in Invocations
  6754 | D:6      | Found a radiant altar of Vehumet.
  8228 | D:7      | Killed from afar by an electric eel

Illustrated notes

Levels and vault maps discovered:
D:1:      erik_arrival_orb_chamber, layout_basic
D:2:      layout_rooms
D:3:      layout_loops_ring, kennysheep_okawaru_gauntlet, trog_book,
          minmay_misc_feat_secret_circle
D:4:      layout_rooms, general_overflow_altar, lemuel_temple_firewalk_b,
          portal_sewer_entry_f
D:5:      layout_rooms, pdpol_temple_overflow_zin_treasury_gozag_greed,
          cheibrodos_ashenzari_chains, dancing_weapons_uskayaw,
          nicolae_houndstooth_variations
D:6:      layout_loops_ring, nicolae_vehumet_altar_sigil, kennysheep_boxes,
          uniq_maggie, uniq_jeremiah
D:7:      layout_layer_cave, grunt_temple_overflow_champion_of_chaos,
          serial_bayou, serial_bayou_pond_b, serial_bayou_pond_b,
          serial_bayou_lake_a, serial_bayou_lagoon_a

Skill      XL: |  1  2  3  4  5  6  7  8  9 |
---------------+----------------------------+-----
Fighting       | 3 4 5 6 7 8 |  8.7
Dodging        | 3 |  3.0
Throwing       | 3 5 6 7 |  7.4
Polearms       | 4 5 6 7 |  7.4
Invocations    | 2 4 5 |  5.7

Action                     |  1- 3 |  4- 6 |  7- 9 || total
---------------------------+-------+-------+-------++-------
  Melee: Trident           |   116 |   201 |   186 ||   503
         Punch             |     2 |       |     3 ||     5
  Throw: Boomerang         |       |    10 |    83 ||    93
         Dart              |       |     7 |    12 ||    19
    Use: Scroll            |       |    10 |     8 ||    18
         Potion            |       |     6 |     4 ||    10
 Armour: Robe              |    65 |   147 |   115 ||   327
         Steam dragon scal |       |       |    65 ||    65
  Dodge: Dodged            |    88 |   109 |   114 ||   311
  Block: Other             |       |    39 |    43 ||    82

Table legend: (Time is in decaauts)
 A = Elapsed time spent in this place.
 B = Non-inter-level travel time spent in this place.
 C = Inter-level travel time spent in this place.
 D = Time resting spent in this place.
 E = Time spent auto-exploring this place.
 F = Levels seen in this place.
 G = Mean time per level.
                   A        B        C        D        E       F      G
               +--------+--------+--------+--------+--------+-----+--------+
         Total |   8242 |   8022 |    220 |   2354 |   3832 |   8 | 1030.2 |
       Dungeon |   7418 |   7198 |    220 |   2205 |   3397 |   7 | 1059.7 |
         Sewer |    824 |    824 |      0 |    149 |    435 |   1 |  824.0 |
               +--------+--------+--------+--------+--------+-----+--------+

Top non-repeatable levels by time:
     D:6: 1649 daAuts
     D:7: 1252 daAuts
     D:5: 1210 daAuts
     D:3: 1163 daAuts
     D:4: 826 daAuts
   Sewer: 824 daAuts
     D:1: 816 daAuts
     D:2: 499 daAuts
